 Dungeon Crawl Stone Soup version 0.27-a0-972-gd1521fd518 (webtiles) character file.

Game seed: 7172316251351680217

37 polve the Cutter (level 3, -1/29 HPs)
             Began as a Demonspawn Abyssal Knight on Apr 13, 2021.
             Was a Follower of Lugonu.
             Slain by Edmund
             ... wielding a +2 flail of holy wrath
              (17 damage)
             ... on level 4 of the Dungeon.
             The game lasted 00:01:12 (1505 turns).

polve the Cutter (Demonspawn Abyssal Knight)        Turns: 1505, Time: 00:01:13

Health: -1/29      AC:  3    Str: 13    XL:     3   Next: 23%
Magic:  4/4        EV: 11    Int: 13    God:    Lugonu [*.....]
Gold:   127        SH:  0    Dex: 12    Spells: 2/2 levels left

rFire    . . .     SeeInvis .   a - +1 short sword
rCold    . . .     Faith    .   (no shield)
rNeg     . . .     Spirit   .   b - +0 leather armour
rPois    .         Reflect  .   (no helmet)
rElec    .         Harm     .   (no cloak)
rCorr    .         Rampage  .   (no gloves)
Will     .....                  (no boots)
Stlth    +.........             (no amulet)
HPRegen  0.09/turn              (no ring)
MPRegen  0.09/turn              (no ring)

@: no status effects
A: sturdy frame 1
a: Renounce Religion, Depart the Abyss


You were on level 4 of the Dungeon.
You worshipped Lugonu.
Lugonu was aware of your devotion.
You visited 1 branch of the dungeon, and saw 3 of its levels.
You visited the Abyss 1 time.

You collected 127 gold pieces.

Inventory:

Hand Weapons
 a - a +1 short sword (weapon)
Missiles
 e - 2 throwing nets
Armour
 b - a +0 leather armour (worn)
Wands
 c - a wand of flame (18)
Scrolls
 d - 3 scrolls of teleportation {unknown}
 g - a scroll of fog {unknown}
 h - a scroll of identify {unknown}
Potions
 f - 2 potions of resistance {unknown}
 i - 2 potions of haste {unknown}


   Skills:
 - Level 3.0 Fighting
 + Level 3.4 Short Blades
 - Level 1.7 Armour
 - Level 0.8 Dodging
 - Level 2.4 Invocations


You had 2 spell levels left.
You didn't know any spells.
Your spell library was empty.

Dungeon Overview and Level Annotations

Branches:
Dungeon (2/15)

Altars:
Dithmenos
The Shining One

Annotations:
D:4 Edmund


Innate Abilities, Weirdness & Mutations

Your movements are slightly less encumbered by armour. (ER -2)


Message History

The orc is moderately wounded.
The orc hits you with a +0 mace.
* * * LOW HITPOINT WARNING * * *
You hit the orc.
The orc is almost dead.
You hit the orc.
You kill the orc!
Lugonu accepts your kill.
HP restored.
Things that are here:
a +0 mace; a +0 leather armour A ball python comes into view.
You see here 2 fuming golden potions.
A ball python is nearby!
The ball python hisses angrily.
You puncture the ball python!
You kill the ball python!
Lugonu accepts your kill.
No target in view!
No target in view!
No target in view!
No target in view!
No target in view!
No target in view!
No target in view!
No target in view!
No target in view!
i - 2 fuming golden potions Edmund shouts!
Edmund is nearby!
Edmund is nearby!
A dart slug comes into view.
Edmund gestures with his flail.
Found a glowing golden altar of the Shining One.
A hobgoblin comes into view.
The hobgoblin shouts!
Edmund hits you with a +2 flail of holy wrath!
You convulse!
Ouch! That really hurt!
You die...

.....#.g..
.........#
...........w#
#...........+
#...........#
###...........##+###
#...........@......#
#.........@......#
#................ ##
#........##8..8# ##.
##.......# ..._ ...
###.......# .##
.##.####.........#
._
..........#......# #
#........[...###.#
###.....#>#####..#


You could see Edmund, a dart slug and a hobgoblin.

Vanquished Creatures
  A howler monkey skeleton (D:4)
  An orc (D:4)
  3 ball pythons
  4 bats
  2 endoplasms
  2 giant cockroaches (D:1)
  2 goblins
  2 hobgoblins (D:1)
  A quokka (D:1)
  3 frilled lizards (D:1)
  3 kobolds (D:1)
  2 rats (D:1)
26 creatures vanquished.

Notes
Turn   | Place    | Note
-------+----------+-------------------------------------------
     0 | Abyss:1  | polve the Demonspawn Abyssal Knight began the quest for the
                  | Orb.
     0 | Abyss:1  | Reached XP level 1. HP: 18/18 MP: 2/2
    94 | Abyss:2  | Noticed a tentacled starspawn
   107 | D:1      | Escaped the Abyss
   441 | D:1      | Gained mutation: Your movements are slightly less
                  | encumbered by armour. (ER -2) [demonic ancestry]
   441 | D:1      | Reached XP level 2. HP: 20/24 MP: 3/3
   531 | D:1      | Reached * piety under Lugonu
  1183 | D:2      | You fall into a shaft and drop 2 floors!
  1188 | D:4      | Noticed Edmund
  1212 | D:4      | Reached XP level 3. HP: 10/29 MP: 4/4
  1505 | D:4      | Found a shadowy altar of Dithmenos.
  1505 | D:4      | Slain by Edmund

Illustrated notes

Levels and vault maps discovered:
D:1:      grunt_arrival_lava_bath, layout_basic, minmay_pentomino_v2
D:2:      layout_basic, ebering_ecumenical_altar_ruins, st_stairs_12
D:4:      layout_rooms, minitemple, grunt_ministairs_13, uniq_natasha,
          uniq_edmund

Skill      XL: |  1  2 |
---------------+-------+-----
Short Blades   | 2 3 |  3.4
Fighting       | |  3.0
Armour         | |  1.7
Dodging        | |  0.8
Invocations    | |  2.4

Action                   || total
-------------------------++-------
Melee: Short sword       ||    79
Invok: Depart the Abyss  ||     1
Armor: Leather armour    ||    29
Dodge: Dodged            ||    52

Table legend: (Time is in decaauts)
 A = Elapsed time spent in this place.
 B = Non-inter-level travel time spent in this place.
 C = Inter-level travel time spent in this place.
 D = Time resting spent in this place.
 E = Time spent auto-exploring this place.
 F = Levels seen in this place.
 G = Mean time per level.
                   A        B        C        D        E       F      G
               +--------+--------+--------+--------+--------+-----+--------+
         Total |   1501 |   1496 |      5 |      0 |   1289 |   5 |  300.2 |
       Dungeon |   1394 |   1389 |      5 |      0 |   1205 |   3 |  464.7 |
         Abyss |    107 |    107 |      0 |      0 |     84 |   2 |   53.5 |
               +--------+--------+--------+--------+--------+-----+--------+

Top non-repeatable levels by time:
     D:1: 824 daAuts
     D:4: 320 daAuts
     D:2: 248 daAuts
 Abyss:2: 89 daAuts
 Abyss:1: 17 daAuts
